 Dungeon Crawl Stone Soup version 0.24.0-13-gcf9b3192b9 (webtiles) character file.

Game seed: 3216171496075800329, levelgen mode: deterministic

578 Matador8 the Vexing (level 7, -3/36 HPs)
             Began as a Vampire Enchanter on Nov 5, 2019.
             Slain by a centaur (8 damage)
             ... on level 5 of the Dungeon.
             The game lasted 00:24:07 (5087 turns).

Matador8 the Vexing (Vampire Enchanter)             Turns: 5087, Time: 00:24:07

Health: -3/36      AC:  1    Str:  8    XL:     7   Next: 13%
Magic:  7/11       EV: 13    Int: 18    God:
Gold:   195        SH:  0    Dex: 15    Spells: 2/12 levels left

rFire    . . .     SeeInvis +   a - +1 dagger
rCold    + + .     Gourm    .   (no shield)
rNeg     + + +     Faith    .   b - +0 robe
rPois    ∞         Spirit   .   q - +0 helmet
rElec    .         Reflect  .   m - +0 cloak
rCorr    .         Harm     .   l - +0 pair of gloves
MR       .....                  (no boots)
Stlth    +++++.....             (no amulet)
HPRegen  0.00/turn              (no ring)
MPRegen  0.12/turn              (no ring)

@: corroded, bloodless, regenerating quickly
A: no food, fangs 3, see invisible, unbreathing
a: Bat Form, Revivify


You were on level 5 of the Dungeon.
You were bloodless.

You visited 1 branch of the dungeon, and saw 5 of its levels.
You also visited: Ossuary.

You collected 195 gold pieces.

Inventory:

Hand Weapons
 a - a +1 dagger (weapon)
Missiles
 g - 261 stones (quivered)
Armour
 b - a +0 robe (worn)
 i - a +0 buckler
 l - a +0 pair of gloves (worn)
 m - a +0 cloak (worn)
 q - a +0 helmet (worn)
Jewellery
 c - an uncursed ring of positive energy {unknown}
Scrolls
 e - a scroll of immolation
 j - 5 scrolls of identify
 k - 2 scrolls of amnesia
 s - a scroll of vulnerability {unknown}
 t - 3 scrolls of remove curse {unknown}
 u - a scroll of enchant armour {unknown}
 x - a scroll of teleportation {unknown}
Potions
 d - 3 potions of resistance {unknown}
 h - 7 potions of curing
 n - a potion of might {unknown}
 o - a potion of flight {unknown}
 p - a potion of ambrosia {unknown}
 r - a potion of haste {unknown}
 v - 2 potions of brilliance {unknown}
 w - 2 potions of degeneration {unknown}
Comestibles
 f - 7 rations


   Skills:
 * Level 4.0 Short Blades
 - Level 2.1 Dodging
 + Level 5.0 Stealth
 - Level 3.2 Spellcasting
 - Level 3.1 Conjurations
 - Level 7.0 Hexes


You had 2 spell levels left.
You knew the following spells:

 Your Spells              Type           Power        Failure   Level  Hunger
a - Corona                Hex            ####...      1%          1    N/A
b - Confuse               Hex            ####....     2%          3    N/A
c - Tukima's Dance        Hex            ####....     2%          3    N/A
d - Dazzling Spray        Conj/Hex       ###...       6%          3    N/A

Your spell library contained the following spells:

 Spells                   Type           Power        Failure   Level  Hunger
 Ensorcelled Hibernation  Hex/Ice        ###...       5%          2    N/A

Dungeon Overview and Level Annotations

Branches:
Dungeon (5/15)            Ossuary (visited)
 Temple: D:4-7

Altars:
Kikubaaqudgha


Innate Abilities, Weirdness & Mutations

You do not eat.
You do not regenerate when monsters are visible.
You are frail without blood (-20% HP).
You can heal yourself when you bite living creatures.
You are immune to poison.
You have razor-sharp teeth.
You have supernaturally acute eyesight. (SInv)
You can survive without breathing.


Message History

The centaur is lightly wounded.
The adder hisses angrily.
You hit the centaur.
The centaur is moderately wounded.
You catch the helpless centaur completely off-guard!
You bite the centaur, and draw its blood!
You feel better.
You puncture the centaur!
The centaur is almost dead.
The centaur barely misses you.
You hit the centaur. You bite the centaur, but do no damage.
The centaur is almost dead.
The centaur seems less confused.
The centaur hits you!
You hit the centaur but do no damage.
The centaur is almost dead.
The centaur hits you. The adder bites you. The centaur hits you! x2
* * * LOW HITPOINT WARNING * * *
There is a stone staircase leading up, spattered with blood here.
The centaur hits you!
You die...

##....## ##..####
#......# #.......
+.....#######......
##....##...###+##..
#....#....##..##..
##..............#..
#..............##..
+.c........##..####
##@S..###### .c#
#....##...# ..#
...##.......... $.#
#..............#
.S#
.....##....######
..# .... #....# ..#
##. #...... #
........ #...####+#


You could see a centaur and an adder.

Vanquished Creatures
  A phantom (D:4)
  An elf zombie (Ossuary)
  A vampire bat (D:2)
  A crimson imp (D:4)
  A jelly (D:5)
  2 iguanas (D:4)
  A worker ant (D:4)
  2 hound zombies (Ossuary)
  3 mummies (Ossuary)
  8 adders
  An adder skeleton (D:4)
  4 adder zombies
  A dart slug (D:5)
  4 leopard geckos
  2 orcs (D:3)
  2 bat skeletons (D:2)
  4 bat zombies (D:2)
  A giant cockroach (D:4)
  9 goblins
  7 hobgoblins
  4 jackals
  4 kobolds
  2 quokkas (D:2)
  A ball python (D:1)
  7 bats
  4 frilled lizards
  3 gnoll zombies (Ossuary)
  3 goblin zombies (Ossuary)
  2 hobgoblin zombies (Ossuary)
  6 jackal zombies (Ossuary)
  4 kobold zombies (Ossuary)
  4 orc zombies (Ossuary)
  7 quokka zombies (Ossuary)
  8 rats
  A rat zombie (Ossuary)
116 creatures vanquished.

Notes
Turn   | Place    | Note
-------+----------+-------------------------------------------
     0 | D:1      | Matador8 the Vampire Enchanter began the quest for the Orb.
     0 | D:1      | Reached XP level 1. HP: 13/13 MP: 3/3
    17 | D:1      | You fall into a shaft and drop 1 floor!
   333 | D:2      | Reached XP level 2. HP: 9/15 MP: 1/5
   462 | D:2      | Reached skill level 5 in Hexes
   641 | D:2      | Reached XP level 3. HP: 19/19 MP: 4/6
   661 | D:2      | Learned a level 3 spell: Confuse
  1688 | D:2      | Reached XP level 4. HP: 18/24 MP: 7/7
  1697 | D:2      | Learned a level 3 spell: Tukima's Dance
  1801 | D:2      | You fall into a shaft and drop 1 floor!
  2196 | D:2      | Found an ancient bone altar of Kikubaaqudgha.
  2198 | D:2      | Reached skill level 6 in Hexes
  2413 | D:2      | Reached XP level 5. HP: 28/28 MP: 9/9
  3484 | D:4      | Reached skill level 7 in Hexes
  3490 | D:4      | Learned a level 3 spell: Dazzling Spray
  3587 | D:4      | Reached skill level 1 in Conjurations
  3598 | D:4      | Found a sand-covered staircase.
  3603 | Ossuary  | Entered an ossuary
  3907 | Ossuary  | Reached XP level 6. HP: 28/32 MP: 8/10
  4778 | D:5      | Entered Level 5 of the Dungeon
  4962 | D:4      | Reached XP level 7. HP: 27/36 MP: 5/11
  5077 | D:5      | Reached skill level 5 in Stealth
  5087 | D:5      | Slain by a centaur

Levels and vault maps discovered:
D:1:      sevenhm_arrival_forest_fort_large_1, layout_loops_corners,
          minmay_misc_feat_diagonals
D:2:      minmay_chambers_of_ones, layout_basic, kennysheep_vampire_church
D:3:      layout_basic
D:4:      layout_rooms, enter_ossuary_5, minivault_19
D:5:      layout_gridville, first_ration, bloody_trog, uniq_duvessa

Skill      XL: |  1  2  3  4  5  6  7 |
---------------+----------------------+-----
Short Blades   | 2 3 4 |  4.0
Hexes          | 5 6 7 |  7.0
Spellcasting   | 3 |  3.2
Conjurations   | 1 3 |  3.1
Stealth        | 5 |  5.0
Dodging        | |  2.1

Action                   |  1- 3 |  4- 6 |  7- 9 || total
-------------------------+-------+-------+-------++-------
Melee: Dagger            |   109 |   292 |    10 ||   411
       Bite              |     5 |    27 |     2 ||    34
Throw: Stone             |     1 |       |       ||     1
 Cast: Corona            |    14 |    38 |       ||    52
       Confuse           |     1 |    16 |     2 ||    19
       Tukima's Dance    |       |     1 |       ||     1
 Abil: Exsanguinate      |     1 |       |       ||     1
  Use: Scroll            |       |     3 |       ||     3
 Stab: Sleeping          |    12 |    26 |       ||    38
       Distracted        |     1 |     1 |       ||     2
       Confused          |     1 |    12 |     2 ||    15
Armor: Robe              |    15 |    74 |     1 ||    90
Dodge: Dodged            |    71 |   178 |     2 ||   251
